NCAA
NORTHWESTERN WILDCATS @ RUTGERS SCARLET KNIGHTS
04/06/2029
 
TOP OF THE 1ST
Northwestern Wildcats batting - Pitching for Rutgers Scarlet Knights : RHP Robin Richmond
Pitching: RHP Robin Richmond
Batting: RHB Dave Singleton 0-0: Ball
1-0: Ball
2-0: Swinging Strike
2-1: Fly out, F1 (Line Drive, 13)
Batting: RHB Thomas Jordan 0-0: Called Strike
0-1: Fly out, F9 (Flyball, 9D)
Batting: RHB Paul French 0-0: Ball
1-0: Ball
2-0: Ground out 1-3 (Groundball, 13)
Top of the 1st over - 0 runs, 0 hits, 0 errors, 0 left on base; Northwestern 0 - Rutgers 0
BOTTOM OF THE 1ST
Rutgers Scarlet Knights batting - Pitching for Northwestern Wildcats : LHP Rafael Martínez
Pitching: LHP Rafael Martínez
Batting: SHB Pat Brock 0-0: Ground out 6-3 (Groundball, 6)
Batting: RHB Joseph McCarteney 0-0: Bunted foul
0-1: Foul Ball, location: 2F
0-2: Ball
1-2: Foul Ball, location: 2F
1-2: Foul Ball, location: 2F
1-2: Ball
2-2: Ball
3-2: SINGLE (Groundball, 6MD)
Batting: RHB Howard Battle 0-0: Ball
1-0: Fielders Choice at 2nd, 4-6 (Groundball, 4)
Batting: RHB Harry Wilkins 0-0: Ball
1-0: 2-RUN HOME RUN (Flyball, 7LD), Distance : 336 ft
Batting: RHB Randy Guthrie 0-0: Swinging Strike
0-1: Ball
1-1: Ball
2-1: Foul Ball, location: 2F
2-2: Strikes out swinging
Bottom of the 1st over - 2 runs, 2 hits, 0 errors, 0 left on base; Northwestern 0 - Rutgers 2
TOP OF THE 2ND
Northwestern Wildcats batting - Pitching for Rutgers Scarlet Knights : RHP Robin Richmond
Batting: RHB Artie Rivers 0-0: Called Strike
0-1: Foul Ball, location: 2F
0-2: Ball
1-2: Strikes out swinging
Batting: LHB Juan Díaz 0-0: Ball
1-0: Ball
2-0: Swinging Strike
2-1: Called Strike
2-2: Ball
3-2: Base on Balls
Batting: RHB Dan Hart 0-0: Called Strike
0-1: Called Strike
0-2: Strikes out looking
Batting: RHB Johnny Marshall 0-0: Fielders Choice at 2nd, 5-4 (Groundball, 56)
Top of the 2nd over - 0 runs, 0 hits, 0 errors, 1 left on base; Northwestern 0 - Rutgers 2
BOTTOM OF THE 2ND
Rutgers Scarlet Knights batting - Pitching for Northwestern Wildcats : LHP Rafael Martínez
Batting: LHB Andre Montgomery 0-0: Called Strike
0-1: Called Strike
0-2: Foul Ball, location: 2F
0-2: Strikes out swinging
Batting: RHB Norm Gunn 0-0: Called Strike
0-1: Ground out 4-3 (Groundball, 4)
Batting: SHB Erwin Dwyer 0-0: Swinging Strike
0-1: Swinging Strike
0-2: Ball
1-2: Ball
2-2: Foul Ball, location: 2F
2-2: Strikes out swinging
Bottom of the 2nd over - 0 runs, 0 hits, 0 errors, 0 left on base; Northwestern 0 - Rutgers 2
TOP OF THE 3RD
Northwestern Wildcats batting - Pitching for Rutgers Scarlet Knights : RHP Robin Richmond
Batting: LHB Carl Picot 0-0: Ball
1-0: Ground out 6-3 (Groundball, 6)
Batting: RHB Ben Bond 0-0: Ball
1-0: SINGLE (Groundball, 6MD)
Batting: RHB Dave Singleton 0-0: Ball
1-0: Called Strike
1-1: Ball
2-1: Grounds into double play, 6-4-3 (Groundball, 6)
Top of the 3rd over - 0 runs, 1 hit, 0 errors, 0 left on base; Northwestern 0 - Rutgers 2
BOTTOM OF THE 3RD
Rutgers Scarlet Knights batting - Pitching for Northwestern Wildcats : LHP Rafael Martínez
Batting: LHB Dennis Montgomery 0-0: Called Strike
0-1: Foul Ball, location: 2F
0-2: Strikes out swinging
Batting: SHB Pat Brock 0-0: Called Strike
0-1: Ball
1-1: Called Strike
1-2: Foul Ball, location: 2F
1-2: Strikes out swinging
Batting: RHB Joseph McCarteney 0-0: Called Strike
0-1: Fly out, F7 (Flyball, 7)
Bottom of the 3rd over - 0 runs, 0 hits, 0 errors, 0 left on base; Northwestern 0 - Rutgers 2
TOP OF THE 4TH
Northwestern Wildcats batting - Pitching for Rutgers Scarlet Knights : RHP Robin Richmond
Batting: RHB Thomas Jordan 0-0: Called Strike
0-1: Foul Ball, location: 2F
0-2: Ball
1-2: Strikes out swinging
Batting: RHB Paul French 0-0: Called Strike
0-1: Ball
1-1: Ground out 5-3 (Groundball, 56S)
Batting: RHB Artie Rivers 0-0: SINGLE (Flyball, 7S)
Batting: LHB Juan Díaz 0-0: Ball
1-0: Foul Ball, location: 2F
1-1: Ball
2-1: Fielders Choice at 2nd, 5-4 (Groundball, 56)
Top of the 4th over - 0 runs, 1 hit, 0 errors, 1 left on base; Northwestern 0 - Rutgers 2
BOTTOM OF THE 4TH
Rutgers Scarlet Knights batting - Pitching for Northwestern Wildcats : LHP Rafael Martínez
Batting: RHB Howard Battle 0-0: Ball
1-0: Ball
2-0: Called Strike
2-1: Foul Ball, location: 2F
2-2: Strikes out swinging
Batting: RHB Harry Wilkins 0-0: Ball
1-0: Ground out 6-3 (Groundball, 6)
Batting: RHB Randy Guthrie 0-0: Ball
1-0: Called Strike
1-1: Swinging Strike
1-2: Ball
2-2: Ball
3-2: Foul Ball, location: 2F
3-2: Foul Ball, location: 2F
3-2: Base on Balls
Batting: LHB Andre Montgomery 0-0: Ball
1-0: Fly out, F7 (Flyball, 7S)
Bottom of the 4th over - 0 runs, 0 hits, 0 errors, 1 left on base; Northwestern 0 - Rutgers 2
TOP OF THE 5TH
Northwestern Wildcats batting - Pitching for Rutgers Scarlet Knights : RHP Robin Richmond
Batting: RHB Dan Hart 0-0: Swinging Strike
0-1: Ball
1-1: Ball
2-1: Hit by Pitch
Pinch Runner at 1st Greg Fowler:
Batting: RHB Johnny Marshall 0-0: Ball
1-0: Ball
2-0: Ball
3-0: Base on Balls
Greg Fowler to second
Batting: LHB Carl Picot 0-0: Ball
1-0: Grounds into double play, 4-6-3 (Groundball, 4)
Greg Fowler to third
Batting: RHB Ben Bond 0-0: Foul Ball, location: 2F
0-1: Foul Ball, location: 2F
0-2: Strikes out looking
Top of the 5th over - 0 runs, 0 hits, 0 errors, 1 left on base; Northwestern 0 - Rutgers 2
BOTTOM OF THE 5TH
Rutgers Scarlet Knights batting - Pitching for Northwestern Wildcats : LHP Rafael Martínez
Now at 3B: Greg Fowler
Batting: RHB Norm Gunn 0-0: SINGLE (Groundball, 56D)
Batting: SHB Erwin Dwyer 0-0: Ball
1-0: Foul Ball, location: 2F
1-1: Fly out, F7 (Line Drive, 7LD)
Batting: LHB Dennis Montgomery 0-0: Ball
1-0: Foul Ball, location: 2F
1-1: Ball
2-1: Ground out 6-3 (Groundball, 56D)
Norm Gunn to second
Batting: SHB Pat Brock 0-0: Called Strike
0-1: SINGLE (Line Drive, 7S)
Norm Gunn to third
Runner from 3rd tries for Home, SAFE, throw made home
Pat Brock to second
Batting: RHB Joseph McCarteney 0-0: Ball
1-0: Fly out, F9 (Flyball, 9D)
Bottom of the 5th over - 1 run, 2 hits, 0 errors, 1 left on base; Northwestern 0 - Rutgers 3
TOP OF THE 6TH
Northwestern Wildcats batting - Pitching for Rutgers Scarlet Knights : RHP Robin Richmond
Batting: RHB Dave Singleton 0-0: Ball
1-0: Ball
2-0: Reached on error, E4 (Groundball, 4)
Batting: RHB Thomas Jordan 0-0: Called Strike
0-1: Ball
1-1: Ball
2-1: Grounds into double play, 6-4-3 (Groundball, 6)
Batting: RHB Paul French 0-0: Foul Ball, location: 2F
0-1: Ball
1-1: Fly out, F7 (Flyball, 78S)
Top of the 6th over - 0 runs, 0 hits, 1 error, 0 left on base; Northwestern 0 - Rutgers 3
BOTTOM OF THE 6TH
Rutgers Scarlet Knights batting - Pitching for Northwestern Wildcats : LHP Rafael Martínez
Batting: RHB Howard Battle 0-0: Ball
1-0: Swinging Strike
1-1: Called Strike
1-2: Ground out 6-3 (Groundball, 6)
Batting: RHB Harry Wilkins 0-0: Ball
1-0: Swinging Strike
1-1: Reached on error, E6 (Groundball, 6)
Batting: RHB Randy Guthrie 0-0: Called Strike
0-1: Ball
1-1: Swinging Strike
1-2: TRIPLE (Flyball, 8RXD)
Harry Wilkins scores
Batting: LHB Andre Montgomery 0-0: Intentional Walk
Pitching: RHP Nick Cox
Batting: RHB Norm Gunn 0-0: Ball
Andre Montgomery steals 2nd base
1-0: Swinging Strike
1-1: Fly out, F3 (Line Drive, 34)
Batting: SHB Erwin Dwyer 0-0: Ball
1-0: Called Strike
1-1: Ball
2-1: Ground out 4-3 (Groundball, 4)
Bottom of the 6th over - 1 run, 1 hit, 1 error, 2 left on base; Northwestern 0 - Rutgers 4
TOP OF THE 7TH
Northwestern Wildcats batting - Pitching for Rutgers Scarlet Knights : RHP Robin Richmond
Batting: RHB Artie Rivers 0-0: Called Strike
0-1: Ball
1-1: Foul Ball, location: 2F
1-2: Ball
2-2: Ball
3-2: Foul Ball, location: 2F
3-2: Base on Balls
Batting: LHB Juan Díaz 0-0: Fly out, F8 (Line Drive, 8LM)
Batting: RHB Greg Fowler 0-0: Ball
Artie Rivers steals 2nd base
1-0: Ball
2-0: Ball
3-0: Called Strike
3-1: Base on Balls
Batting: RHB Johnny Marshall 0-0: Ball
1-0: Called Strike
1-1: Ball
2-1: Ball
3-1: SINGLE (Groundball, 56D)
Artie Rivers to third
Greg Fowler to second
Pitching: RHP Paul Rodríguez
Batting: LHB Carl Picot 0-0: Foul Ball, location: 2F
0-1: Fly out, F7 (Flyball, 7S)
Runner from 3rd tags up, SCORES, no throw
Batting: RHB Ben Bond 0-0: Ball
1-0: Foul Ball, location: 2F
1-1: Ball
2-1: Ball
3-1: Called Strike
3-2: Base on Balls
Greg Fowler to third
Johnny Marshall to second
Batting: RHB Dave Singleton 0-0: Fly out, F8 (Flyball, 8RD)
Top of the 7th over - 1 run, 1 hit, 0 errors, 3 left on base; Northwestern 1 - Rutgers 4
BOTTOM OF THE 7TH
Rutgers Scarlet Knights batting - Pitching for Northwestern Wildcats : RHP Nick Cox
Batting: LHB Dennis Montgomery 0-0: Fly out, F8 (Line Drive, 8LS)
Batting: SHB Pat Brock 0-0: Called Strike
0-1: Ball
1-1: Fly out, F6 (Flyball, 56D)
Batting: RHB Joseph McCarteney 0-0: Fly out, F3 (Popup, 3SF)
Bottom of the 7th over - 0 runs, 0 hits, 0 errors, 0 left on base; Northwestern 1 - Rutgers 4
TOP OF THE 8TH
Northwestern Wildcats batting - Pitching for Rutgers Scarlet Knights : RHP Paul Rodríguez
Batting: RHB Thomas Jordan 0-0: SINGLE (Groundball, 34D)
Batting: RHB Paul French 0-0: Called Strike
0-1: Ball
1-1: Grounds into double play, 6-4-3 (Groundball, 6)
Batting: RHB Artie Rivers 0-0: Called Strike
0-1: Swinging Strike
0-2: Ball
1-2: Ball
2-2: Strikes out swinging
Top of the 8th over - 0 runs, 1 hit, 0 errors, 0 left on base; Northwestern 1 - Rutgers 4
BOTTOM OF THE 8TH
Rutgers Scarlet Knights batting - Pitching for Northwestern Wildcats : RHP Nick Cox
Batting: RHB Howard Battle 0-0: Ball
1-0: Swinging Strike
1-1: Fly out, F9 (Flyball, 89S)
Batting: RHB Harry Wilkins 0-0: Ball
1-0: Called Strike
1-1: Foul Ball, location: 2F
1-2: Ground out 1-3 (Groundball, 13)
Batting: RHB Randy Guthrie 0-0: Called Strike
0-1: Fly out, F3 (Popup, 34)
Bottom of the 8th over - 0 runs, 0 hits, 0 errors, 0 left on base; Northwestern 1 - Rutgers 4
TOP OF THE 9TH
Northwestern Wildcats batting - Pitching for Rutgers Scarlet Knights : RHP Paul Rodríguez
Pitching: LHP Jack Greene
Batting: LHB Juan Díaz 0-0: Ball
1-0: Called Strike
1-1: Foul Ball, location: 2F
1-2: Foul Ball, location: 2F
1-2: Strikes out swinging
Batting: RHB Greg Fowler 0-0: Called Strike
0-1: Foul Ball, location: 2F
0-2: SINGLE (Groundball, 5D)
Batting: RHB Johnny Marshall 0-0: Ball
1-0: Ball
2-0: Ball
3-0: Base on Balls
Greg Fowler to second
Batting: LHB Carl Picot 0-0: Ball
1-0: Ball
2-0: Called Strike
2-1: Ball
3-1: Base on Balls
Greg Fowler to third
Johnny Marshall to second
Batting: RHB Ben Bond 0-0: Called Strike
0-1: Swinging Strike
0-2: Ball
1-2: Strikes out swinging
Batting: RHB Dave Singleton 0-0: Called Strike
0-1: Fly out, F9 (Flyball, 9LM)
Top of the 9th over - 0 runs, 1 hit, 0 errors, 3 left on base; Northwestern 1 - Rutgers 4
Saturday, December 16th, 2017 - OOTP Baseball 18.8 Build 76